 Dungeon Crawl Stone Soup version 0.32-a0-898-g7811c86cf0 (webtiles) character file.

Game seed: 834148612100872440

20 BubbleThief the Sneak (level 2, -3/19 HPs)
             Began as a Vampire Enchanter on Apr 4, 2024.
             Slain by an adder (4 damage)
             ... on level 2 of the Dungeon.
             The game lasted 00:01:52 (858 turns).

BubbleThief the Sneak (Vampire Enchanter)            Turns: 858, Time: 00:01:53

Health: -3/19      AC:  2    Str:  7    XL:     2   Next: 58%
Magic:  2/5        EV: 11    Int: 17    God:
Gold:   52         SH:  0    Dex: 14    Spells: 3/5 levels left

rFire   . . .        a - +1 dagger
rCold   . . .        (no shield)
rNeg    . . .        b - +0 robe
rPois   .            (no helmet)
rElec   .            (no cloak)
rCorr   .            (no gloves)
SInv    +            (no boots)
Will    .....        (no amulet)
Stlth   +++          (no ring)
HPRegen 0.43/turn    (no ring)
MPRegen 0.09/turn

%: no passive effects
@: lethally poisoned (-3 -> -5), healing quickly
A: alive, fangs 3, see invisible, vampiric 1
a: Exsanguinate


You were on level 2 of the Dungeon.
You visited 1 branch of the dungeon, and saw 2 of its levels.

You collected 52 gold pieces.

Inventory:

Hand Weapons
 a - a +1 dagger (weapon)
Armour
 b - a +0 robe (worn)
Scrolls
 f - a scroll of immolation {unknown}
Potions
 c - 2 potions of invisibility
 d - a potion of resistance {unknown}
 e - a potion of attraction {unknown}


   Skills:
 + Level 1.5 Short Blades
 - Level 2.1 Dodging
 * Level 5.1 Stealth
 - Level 2.0 Spellcasting
 * Level 5.0 Hexes


You had 3 spell levels left.
You knew the following spells:

 Your Spells              Type           Power      Damage    Failure   Level
a - Ensorcelled Hibernat  Hex/Ice        20%        N/A       11%         2

Your spell library contained the following spells:

 Spells                   Type           Power      Damage    Failure   Level
 Confusing Touch          Hex            18%        N/A       8%          3
 Tukima's Dance           Hex            18%        N/A       8%          3
 Dazzling Flash           Conj/Hex       20%        N/A       21%         3
 Inner Flame              Hex/Fire       10%        N/A       21%         3
 Static Discharge         Conj/Air       2%         3-4/arc   28%         2
 Airstrike                Air            0%         2d(1-17)  88%         4
 Flame Wave               Conj/Fire      1%         2d4       88%         4
 Sticky Flame             Fire/Alch      1%         2d4       88%         4
 Summon Lightning Spire   Summ/Air       1%         N/A       88%         4


Dungeon Overview and Level Annotations

Branches:
Dungeon (2/15)

Altars:

Shops:
D:1 [


Innate Abilities, Weirdness & Mutations

Your natural rate of healing is accelerated.
You have razor-sharp teeth.
You have supernaturally acute eyesight. (SInv)
You are afflicted with vampirism.


Message History

You miscast Ensorcelled Hibernation.
You are very lightly contaminated with residual magic.
Nothing appears to happen.
The ball python hisses angrily.
The adder barely misses you.
You hit the adder but do no damage. The adder bites you.
You hit the adder.
The adder is heavily wounded.
The adder bites you but does no damage.
You closely miss the ball python. The adder bites you.
The ball python bites you. The ball python barely misses you.
Unknown command.
You closely miss the ball python. Your bite misses the ball python.
The adder barely misses you. The ball python closely misses you.
The ball python completely misses you. The adder bites you.
You are poisoned.
The adder poisons you!
Unknown command.
You feel sick.
You feel sick. The adder closely misses you. The ball python bites you.
The ball python completely misses you.
You feel sick. The adder attacks as it pursues you! The adder bites you.
* * * LOW HITPOINT WARNING * * *
You are lethally poisoned!
The adder poisons you! The adder barely misses you.
Your magical contamination has completely faded away.
* * * LOW HITPOINT WARNING * * *
You feel sick.
* * * LOW HITPOINT WARNING * * *
You feel sick.
The ball python attacks as it pursues you!
The ball python closely misses you. The ball python misses you.
There is a stone staircase leading up here.
You hit the ball python.
You kill the ball python!
* * * LOW HITPOINT WARNING * * *
You feel sick. The adder completely misses you.
* * * LOW HITPOINT WARNING * * *
You feel sick. The adder closely misses you. The adder bites you.
You die...

...>. .......<# .#
....#...#....#...
# ##......#....#..
#.#..... .........
#......###†....#
#............#
#.##..#......#
#..........#
#.@†.......#
#..S...........
#.........#..##
.................
...#.###.....#####
.....< ........
...##. .#...#....
... #.#.#..##...#


You could see an adder.

Vanquished Creatures
  2 dart slugs (D:1)
  2 goblins (D:1)
  A hobgoblin (D:1)
  5 ball pythons
  2 bats (D:1)
  6 rats
18 creatures vanquished.

Notes
Turn   | Place    | Note
-------+----------+-------------------------------------------
     0 | D:1      | BubbleThief the Vampire Enchanter began the quest for the
                  | Orb.
     0 | D:1      | Reached XP level 1. HP: 13/13 MP: 3/3
    86 | D:1      | Found Sebumpok's Armour Shop.
   291 | D:1      | Reached XP level 2. HP: 13/19 MP: 5/5
   294 | D:1      | Learned a level 2 spell: Ensorcelled Hibernation
   760 | D:1      | Reached skill level 5 in Stealth
   769 | D:1      | Reached skill level 5 in Hexes
   795 | D:1      | Found a faded altar of an unknown god.
   858 | D:2      | Slain by an adder

Illustrated notes

Levels and vault maps discovered:
D:1:      elethiomel_arrival_maze, layout_basic, serial_shops, shop,
          hellmonk_ecumenical_altar_zigzags
D:2:      layout_basic, basic_altar, minmay_statues_item, uniq_jessica

Skill      XL: |  1  2 |
---------------+-------+-----
Stealth        | 5 |  5.1
Hexes          | 5 |  5.0
Short Blades   | |  1.5
Dodging        | |  2.1
Spellcasting   | |  2.0

Action                     || total
---------------------------++-------
  Melee: Dagger            ||    49
         Bite              ||     5
   Cast: Ensorcelled Hiber ||     1
Ability: Exsanguinate      ||     1
   Stab: Sleeping          ||     3
 Armour: Robe              ||    39
  Dodge: Dodged            ||    45

Table legend: (Time is in decaauts)
 A = Elapsed time spent in this place.
 B = Non-inter-level travel time spent in this place.
 C = Inter-level travel time spent in this place.
 D = Time resting spent in this place.
 E = Time spent auto-exploring this place.
 F = Levels seen in this place.
 G = Mean time per level.
                   A        B        C        D        E       F      G
               +--------+--------+--------+--------+--------+-----+--------+
         Total |    854 |    854 |      0 |      0 |    713 |   2 |  427.0 |
       Dungeon |    854 |    854 |      0 |      0 |    713 |   2 |  427.0 |
               +--------+--------+--------+--------+--------+-----+--------+

Top non-repeatable levels by time:
     D:1: 832 daAuts
     D:2: 22 daAuts
